← All builds
Tech / Armada / Economy first / OBSERVED BUILD

Standard tech

Armada Tech (Eco) build order · Supreme Isthmus

Rushes T2 by 4:15, gets Advanced Metal Extractor around 5:28, hands off T2 constructors to Geo and the team, then scales eco and supplies the team's T2 needs through the rest of the game.

Usually first T2 con to Geo (83%)

#eco #t2 #team support · 1574 distinct matches · 255 players · 58% of Armada Tech games · team won 53% of 1868 · Recently observed

HOW TO PLAY IT

Key timing: T2 factory by 4:15

  1. Open 3 mex and heavy wind to fund a fast T2 rush.
  2. Put down Bot Lab, planning to eat it for reclaim soon after.
  3. Get Advanced Bot Lab up, hitting the T2 factory rush timing.
  4. Upgrade mex to Advanced Metal Extractor to lock in team metal income.
  5. Eat Advanced Bot Lab and keep sending cons to Geo and Pond.

Phase by phase

TYPICAL OF ITS 1574 GAMES
  1. 1
  2. 2
  3. 3
  4. 4
PLAY THE OPENING

Follow the example game's first 6:00 step by step: what to build now, what comes next, and where it goes. At 1× it keeps pace with your own game.

  1. 1

    Up to the Bot Lab

    Economy
    • Metal Extractor3Mex
    • Wind Turbine4Wind
    Order
    1. Bot LabBot Lab after 3 mex, 4 winddone ~1:18, middle half 1:13–1:32

    Some games also: energy storage (31%)

    By 1:01 in all: 3 mex · 4 wind

    The example game in this phase · 4 steps
    1. Mex ×3
    2. Wind ×4
    3. Energy storage
    4. Bot LabBot Labdone 1:33 · typical 1:18
  2. 2

    Bot Lab to Advanced Bot Lab

    Economy
    • Metal Extractor1Mex
    • Wind Turbine8Wind
    • Energy Storage1Energy storage
    Order
    1. Advanced Bot LabAdvanced Bot Lab after 4 mex, 12 wind, 3 con turretdone ~4:16, middle half 4:04–4:30
    Builders
    • Construction Turret3 Con turret
    • Lazarus3 Lazarus
    • Construction Bot2 Con bot
    • Construction Bot1 Con bot for allies

    Some games also: converter (36%)

    By 3:18 in all: 4 mex · 12 wind · 1 energy storage · 3 con turret

    The example game in this phase · 14 steps
    1. LazarusLazarus
    2. Wind
    3. Construction BotCon bot
    4. Construction BotCon botfor Air
    5. Wind ×2
    6. LazarusLazarus
    7. Wind
    8. Construction BotCon bot
    9. Wind
    10. Mex
    11. Con turret
    12. Wind
    13. Con turret
    14. Advanced Bot LabAdvanced Bot Labdone 4:04 · typical 4:16
  3. 3

    Advanced Bot Lab to 5:00

    Economy
    • Wind Turbine3Wind
    Order
    1. Bot LabEat Bot Lab
    Builders
    • Advanced Construction Bot1 T2 con bot for allies

    Some games also: converter (35%)

    By 5:00 in all: 4 mex · 15 wind · 1 converter · 1 energy storage · 3 con turret

    The example game in this phase · 5 steps
    1. Bot LabEat Bot Labreclaimed for its metal
    2. Advanced Construction BotT2 con botfor Geo
    3. Advanced Metal ExtractorT2 mexdone 5:22 · typical 5:29
    4. FatboyFatboyfor Ponddone 4:58
    5. SmugglerJammer botfor Pond
  4. 4

    5:00 to 10:00

    Economy
    • Wind Turbine43Wind
    • Energy Converter6Converter
    Builders
    • Butler9 Butler
    • Advanced Construction Bot4 T2 con bot for allies
    • Advanced Construction Bot1 T2 con bot

    Some games also: con turret (43%) · Butler for allies (37%)

    By 10:00 in all: 4 mex · 58 wind · 8 converter · 1 energy storage · 3 con turret

    The example game in this phase · 189 steps
    1. Advanced Construction BotT2 con botfor Air
    2. Advanced Metal ExtractorT2 mex ×3
    3. SmugglerJammer botfor Pond
    4. ButlerButler ×3
    5. Advanced Construction BotT2 con botfor Geo sea
    6. Wind ×10
    7. ButlerButler
    8. Wind ×5
    9. ButlerButler
    10. Advanced Construction BotT2 con botfor Beach sea
    11. Wind ×4
    12. Advanced Construction BotT2 con botfor Pond
    13. Wind ×5
    14. ButlerButler
    15. Wind ×3
    16. ButlerButler
    17. Wind ×2
    18. ButlerButler
    19. Wind ×3
    20. ButlerButler
    21. Wind ×4
    22. ButlerButler
    23. Wind
    24. ButlerButler
    25. Wind ×2
    26. ButlerButler
    27. Wind ×3
    28. ButlerButler
    29. Wind ×3
    30. ButlerButler
    31. Converter
    32. Wind
    33. ButlerButler
    34. Wind ×2
    35. Converter
    36. Wind
    37. ButlerButler
    38. Wind ×3
    39. Converter
    40. Wind ×3
    41. ButlerButler
    42. Wind
    43. UmbrellaAnti-nukedone 10:52
    44. Converter
    45. Wind
    46. Converter
    47. Wind ×2
    48. Converter ×2
    49. Wind ×2
    50. Converter ×2
    51. Wind
    52. Converter ×2
    53. Wind ×2
    54. Converter ×2
    55. Wind
    56. Converter ×2
    57. Wind ×3
    58. ButlerButler
    59. Wind ×3
    60. Converter ×2
    61. Wind ×3
    62. Metal storage
    63. Wind
    64. ButlerButler
    65. Wind
    66. Converter
    67. Wind
    68. Converter
    69. Wind ×4
    70. Converter ×2
    71. Wind ×5
    72. Converter ×2
    73. Wind ×2
    74. ButlerButler
    75. Wind ×3
    76. Converter ×2
    77. Wind ×4
    78. Converter ×2
    79. Wind ×2
    80. Advanced Construction BotT2 con bot
    81. Wind ×3
    82. Converter
    83. Wind
    84. Converter
    85. Wind ×2
    86. Converter
    87. Wind
    88. Converter
    89. Wind ×5
    90. Converter ×2
    91. Wind ×2
    92. Con turret
    93. Wind
    94. Converter
    95. Wind ×2
    96. Converter
    97. Wind ×4
    98. Converter
    99. Con turret
    100. Wind ×2
    101. Converter
    102. Wind ×3
    103. Converter
    104. Wind
    105. Converter
    106. Wind ×2
    107. Fusion ReactorFusiondone 13:12
    108. Wind ×2
    109. Converter
    110. Advanced Bot LabEat Advanced Bot Labreclaimed for its metal
    111. Wind
    112. Converter
    113. Wind ×4
    114. Converter
    115. Wind
    116. Converter
    117. Wind ×4
    118. Converter ×2
    119. Wind ×6
    120. Converter ×2
    121. Wind ×4
    122. Converter ×2
    123. Wind ×2
    124. Aircraft PlantAircraft Plantdone 13:28
    125. Wind ×3
    126. Converter ×2
    127. Wind ×3
    128. Converter ×2
    129. Wind ×4
    130. Con turret
    131. Wind ×4
    132. Converter ×2
    133. Wind ×4
    134. Con turret
    135. Wind
    136. Converter
    137. Wind
    138. Converter
    139. Wind ×2
    140. Con turret
    141. Wind ×2
    142. Construction AircraftCon aircraft
    143. Wind
    144. Con turret
    145. Wind
    146. Converter ×2
    147. Wind ×5
    148. Converter
    149. Wind ×2
    150. Converter
    151. Wind
    152. Advanced Aircraft PlantAdvanced Aircraft Plantdone 14:25
    153. Wind ×4
    154. Converter ×2
    155. Wind ×4
    156. Con turret
    157. Wind ×2
    158. Converter
    159. Wind
    160. Con turret
    161. Wind
    162. Converter
    163. Aircraft PlantEat Aircraft Plantreclaimed for its metal
    164. Con turret ×2
    165. Wind
    166. Con turret
    167. Wind ×2
    168. Con turret
    169. Wind
    170. Converter
    171. Wind
    172. Converter
    173. Wind ×7
    174. Converter ×2
    175. Wind ×7
    176. Converter ×2
    177. Wind ×6
    178. Converter ×2
    179. Wind ×3
    180. LicheLichenot finished by 15:00
    181. Wind ×3
    182. Converter ×2
    183. Wind ×8
    184. Converter ×2
    185. Wind ×4
    186. Converter ×2
    187. Wind ×8
    188. Converter ×2
    189. Wind ×6

Counts are medians over the build's games: half of them build more, half fewer. The example game is BigRowan's (32 OS, 15/08/2026); pick another.

Team trades

IN AT LEAST 30% OF ITS GAMES

You hand over

  • Construction Bot1 Con bot to Airfirst at 2:24 · in 84% of games
  • Advanced Construction Bot5 T2 con bot to Air or Geo sea or Pondfirst at 4:50 · in 99% of games
  • Butler2 Butler to Geo sea or Beach sea or Pondfirst at 9:07 · in 42% of games

You get

  • Hercules1 Light transport from Airfirst at 4:01 · in 86% of games

How it plays out

Typical game of this build, running totals by minute

Metal produced

020k40k
0:005:0010:0015:00

metal

Enemy metal destroyed

050100
0:005:0010:0015:00

metal

Own metal lost

050100150
0:005:0010:0015:00

metal

1868 games.

Show as table
ByMetal produced: This buildEnemy metal destroyed: This buildOwn metal lost: This build
1:0038300
2:0091500
3:00165100
4:00314300
5:00484800
6:00580000
7:00722700
8:00906100
9:001116900
10:001350200
11:001623900
12:001965200
13:002344100
14:0027357074
15:003153885130
WHAT THE NUMBERS SAY

Standard Tech play barely fights at all early, instead pouring metal into T2 infrastructure and constructors for the team.

  • + Metal produced hits 31679 by 15:00, by far the highest of any role here.
  • + T2 factory reached in 97% of games by 4:15, fastest and most reliable T2 timing.
  • − Enemy metal destroyed stays at 0 through 10:00, no early offense at all.
  • − Own metal lost also near 0, showing total avoidance of combat risk.
THE EXAMPLE YOU ARE READING

BigRowan

32.4 OS · 15/08/2026

Open source match ↗

1 received units
1963 metal received · 44691 energy received

Allied construction assistance is unknown. Timings are observations, not a promise of solo reproducibility.

Typical milestones

Bot Lab1:18Middle 50%: 1:13–1:32 · n=1868
Advanced Bot Lab4:16Middle 50%: 4:04–4:30 · n=1861
Advanced Metal Extractor5:29Middle 50%: 5:06–5:59 · n=1864

Played most by

Amrissa93games of this buildTheGeneraI66games of this buildAdeus57games of this buildEl_Turco56games of this buildKOT_43games of this build